 Dungeon Crawl Stone Soup version 0.29-a0-97-g88c9fad16d (webtiles) character file.

Game seed: 15896709714906881078

9089 Hubjo the Covert (level 11, -11/64 HPs)
             Began as a Vampire Enchanter on Feb 11, 2022.
             Mangled by a two-headed ogre (20 damage)
             ... on level 9 of the Dungeon on Feb 13, 2022.
             The game lasted 00:58:16 (12640 turns).

Hubjo the Covert (Vampire Enchanter)               Turns: 12640, Time: 00:58:17

Health: -11/64     AC: 11    Str: 13    XL:     11   Next: 18%
Magic:  19/19      EV: 17    Int: 15    God:
Gold:   436        SH:  0    Dex: 25    Spells: 13/21 levels left

rFire   + . .      SeeInvis +   p - +4 war axe "Ymirph" {protect, rN+ Int+2}
rCold   + + .      Faith    .   (no shield)
rNeg    + + +      Spirit   .   s - +3 leather armour {rF+}
rPois   ∞          Reflect  .   (helmet restricted)
rElec   .          Harm     .   G - scarf {repulsion}
rCorr   .          Rampage  .   I - +0 pair of gloves of Valour {rPois Int-5 Dex+6 Stlth+}
Will    ++...                   (no boots)
Stlth   +++++++++.              (no amulet)
HPRegen 0.00/turn               h - ring of willpower
MPRegen 0.16/turn               A - +6 ring of strength

@: bloodless, inhibited regen, repel missiles
A: bloodless, fangs 3, see invisible, vampiric 2, horns 1, iridescent scales 2
a: Bat Form, Revivify


You were on level 9 of the Dungeon.
You visited 2 branches of the dungeon, and saw 10 of its levels.

You collected 436 gold pieces.

Inventory:

Hand Weapons
 a - a +1 dagger
 e - a +0 hunting sling of flaming
 k - a +2 whip of flaming
 l - a +0 short sword of venom
 o - a +2 spectral club
 p - the +4 war axe "Ymirph" (weapon) {protect, rN+ Int+2}
   (You found it on level 3 of the Dungeon)

   It grants its wielder temporary protection when it strikes (+7 to AC).
   Int:       It affects your intelligence (+2).
   rN:        It protects you from negative energy.
 q - a +1 vorpal quarterstaff
 t - a +2 dagger of flaming
 w - the +3 mace of the Insatiable Knives {vorpal, Fly}
   (You found it on level 4 of the Dungeon)

   It inflicts extra damage upon your enemies.
   Fly:       It grants you flight.
 y - a +3 quarterstaff of chaos
 J - a +2 spear of flaming
 L - a +2 spear of venom
 M - a +1 trident of protection
 N - a +2 dagger of flaming
Missiles
 d - 2 javelins
 g - 45 sling bullets
 B - 2 throwing nets (quivered)
 C - 12 poisoned darts
Armour
 b - a +0 robe
 j - a +2 pair of gloves
 s - a +3 leather armour of fire resistance (worn)
 E - a +0 hat
 G - a scarf of repulsion (worn)
 I - the +0 pair of gloves of Valour (worn) {rPois Int-5 Dex+6 Stlth+}
   (You found it on level 8 of the Dungeon)

   Int:       It affects your intelligence (-5).
   Dex:       It affects your dexterity (+6).
   rPois:     It protects you from poison.
   Stlth:     It makes you more stealthy.
Magical Staves
 u - a staff of poison
Jewellery
 h - a ring of willpower (left hand)
 A - a +6 ring of strength (right hand)
 D - a ring of resist corrosion
Wands
 m - a wand of flame (19)
 z - a wand of digging (10)
Scrolls
 c - a scroll of noise
 n - 2 scrolls of amnesia
 F - a scroll of identify
Potions
 f - a potion of degeneration {unknown}
 i - a potion of might {unknown}
 r - a potion of magic
 v - a potion of curing
 x - 3 potions of cancellation
 H - a potion of mutation
 K - a potion of ambrosia {unknown}


   Skills:
 + Level 5.5 Fighting
 - Level 2.3 Short Blades
 * Level 7.6 Axes
 + Level 7.1 Dodging
 * Level 14.5 Stealth
 + Level 5.7 Spellcasting
 + Level 9.8 Hexes


You had 13 spell levels left.
You knew the following spells:

 Your Spells              Type           Power      Damage    Failure   Level
a - Dazzling Flash        Conj/Hex       38%        N/A       8%          3
b - Ensorcelled Hibernat  Hex/Ice        38%        N/A       3%          2
c - Tukima's Dance        Hex            33%        N/A       1%          3

Your spell library contained the following spells:

 Spells                   Type           Power      Damage    Failure   Level
 Confusing Touch          Hex            33%        N/A       1%          3
 Sublimation of Blood     Necr           4%         N/A       28%         2
 Petrify                  Tmut/Erth      4%         N/A       88%         4
 Freezing Cloud           Conj/Ice/Air   2%         6-21      99%         5
 Irradiate                Conj/Tmut      2%         3d14      99%         5
 Simulacrum               Ice/Necr       2%         N/A       100%        6
 Polar Vortex             Ice            2%         N/A       100%        9


Dungeon Overview and Level Annotations

Branches:
Dungeon (9/15)             Temple (1/1) D:7
   Lair: D:8-11         Orc: D:9-12

Altars:
Ashenzari
Cheibriados
Dithmenos
Elyvilon
Fedhas
Gozag
Hepliaklqana
Kikubaaqudgha
Makhleb
Okawaru
Qazlal
Ru
Sif Muna
Trog
Uskayaw
Vehumet
Wu Jian
Xom
Yredelemnul
Zin
The Shining One

Annotations:
D:7 2 transporters, Dordric's ghost, novice MiBe


Innate Abilities, Weirdness & Mutations

You do not regenerate when monsters are visible.
You are frail without blood (-20% HP).
You can heal yourself when you bite living creatures.
You are immune to poison.
You have razor-sharp teeth.
You have supernaturally acute eyesight. (SInv)
You are afflicted with vampirism and can become a bat while bloodless.
You have a pair of small horns on your head.
You are mostly covered in iridescent scales. (AC +4)


Message History

You barely miss the two-headed ogre.
You headbutt the two-headed ogre, but do no damage.
You punch the two-headed ogre, but do no damage.
The two-headed ogre is severely wounded.
The two-headed ogre misses you. The two-headed ogre closely misses you.
You hit the two-headed ogre but do no damage.
You headbutt the two-headed ogre.
The two-headed ogre is almost dead.
The two-headed ogre hits you but does no damage.
The two-headed ogre closely misses you.
You hit the two-headed ogre.
The two-headed ogre is almost dead.
The two-headed ogre misses you.
The two-headed ogre hits you with a +0 giant club!
You barely miss the two-headed ogre.
The two-headed ogre is almost dead.
The two-headed ogre barely misses you.
The two-headed ogre hits you with a +0 giant club!!
You hit the two-headed ogre.
The two-headed ogre is almost dead.
The two-headed ogre hits you with a +0 great mace!
* * * LOW HITPOINT WARNING * * *
The two-headed ogre closely misses you.
You hit the two-headed ogre.
The two-headed ogre is almost dead.
You hit the two-headed ogre but do no damage.
The two-headed ogre is almost dead.
The two-headed ogre closely misses you.
The two-headed ogre hits you with a +0 giant club!
* * * LOW HITPOINT WARNING * * *
You feel better. The two-headed ogre closely misses you.
The two-headed ogre hits you with a +0 giant club!
* * * LOW HITPOINT WARNING * * *
You feel better. The two-headed ogre misses you.
The two-headed ogre barely misses you.
You feel better.
The two-headed ogre hits you with a +0 great mace!
* * * LOW HITPOINT WARNING * * *
The two-headed ogre hits you with a +0 giant club!!
You die...

....###.##.##.#.......#
...#.#.###.<#.#.......#
...##.##......).......#
.#.#####.##.#.#.#.....#
.#.# #. #.#..)......#
.... . #(#..)†.#..##
...# ## #.#...†....# ##
#.#.....#..#
.)##..@##..#
#####...O...#
##.#..>........#
...........#..##
.....$.....#..#
.#?#.###........ .....
##........ .#.#
#....>...# ...
.........#


You could see a two-headed ogre.

Vanquished Creatures
  2 two-headed ogres
  Pikel (D:4)
  A moth of wrath (D:8)
  A troll (D:8)
  5 yaks (D:5)
  Eustachio (D:6)
  2 wyverns
  4 orc warriors
  A sky beast (D:3)
  2 black bears
  2 ice beasts
  2 necrophages
  9 ogres
  3 centaurs
  3 kobold brigands (D:8)
  Blork the orc (D:4)
  2 gnoll sergeants
  2 bullfrogs
  2 scorpions (D:5)
  3 killer bees
  7 howler monkeys
  10 hounds
  4 jellies
  Crazy Yiuf (D:4)
  4 gnoll shamans
  10 orc priests
  2 centaur skeletons
  3 iguanas
  15 orc wizards
  Jessica (D:2)
  Ijyb (D:4)
  3 polar bear simulacra (D:9)
  3 wolf simulacra (D:9)
  A yak simulacrum (D:9)
  2 howler monkey zombies
  19 gnolls
  6 adders
  An ufetubus (D:6)
  4 worms (D:2)
  A dart slug (D:1)
  18 orcs
  5 endoplasms
  2 giant cockroaches
  7 hobgoblins
  7 jackals
  3 quokkas
  5 ball pythons
  4 bats
  2 frilled lizards (D:1)
  8 goblins
  15 kobolds
  2 rats (D:2)
  4 river rat simulacra (D:9)
229 creatures vanquished.

Vanquished Creatures (collateral kills)
  A necromancer (D:9)
  Joseph (D:7)
  A gnoll sergeant (D:8)
3 creatures vanquished.

Vanquished Creatures (others)
  4 fungi (D:4)
  A plant (D:9)
5 creatures vanquished.

Grand Total: 237 creatures vanquished

Notes
Turn   | Place    | Note
-------+----------+-------------------------------------------
     0 | D:1      | Hubjo the Vampire Enchanter began the quest for the Orb.
     0 | D:1      | Reached XP level 1. HP: 13/13 MP: 3/3
    23 | D:1      | Found a faded altar of an unknown god.
   191 | D:1      | Reached XP level 2. HP: 10/20 MP: 5/5
   493 | D:1      | Reached skill level 5 in Stealth
  1035 | D:2      | Gained mutation: You are afflicted with vampirism and can
                  | become a bat while bloodless. [Vampire growth]
  1035 | D:2      | Reached XP level 3. HP: 19/25 MP: 6/6
  1294 | D:2      | Noticed Jessica
  1300 | D:2      | Reached skill level 1 in Fighting
  1303 | D:2      | Killed Jessica
  1304 | D:2      | Reached XP level 4. HP: 24/32 MP: 7/7
  1862 | D:3      | Reached skill level 6 in Stealth
  2108 | D:3      | Noticed a sky beast
  2112 | D:3      | Identified the +4 war axe "Ymirph" {protect, rN+ Int+2}
  2115 | D:3      | Killed a sky beast
  2116 | D:3      | Reached skill level 5 in Hexes
  2116 | D:3      | Reached XP level 5. HP: 38/38 MP: 8/8
  2557 | D:4      | Noticed Ijyb
  2578 | D:4      | Killed Ijyb
  2579 | D:4      | Reached skill level 7 in Stealth
  2633 | D:4      | Reached skill level 1 in Axes
  2633 | D:4      | Reached XP level 6. HP: 16/44 MP: 9/9
  2763 | D:4      | Found a hide-covered altar of Uskayaw.
  2828 | D:4      | Noticed Pikel
  2831 | D:4      | Found a basalt altar of Yredelemnul.
  2893 | D:4      | Killed Pikel
  2894 | D:4      | Reached skill level 8 in Stealth
  2894 | D:4      | Reached XP level 7. HP: 43/51 MP: 9/11
  3081 | D:4      | Reached skill level 9 in Stealth
  3513 | D:4      | Reached XP level 8. HP: 57/57 MP: 12/12
  3811 | D:4      | Noticed Blork the orc
  3823 | D:4      | Killed Blork the orc
  3897 | D:4      | Identified the +3 mace of the Insatiable Knives {vorpal,
                  | Fly}
  3900 | D:4      | Found a runed translucent door.
  3901 | D:4      | Noticed Crazy Yiuf
  3915 | D:4      | Killed Crazy Yiuf
  3984 | D:5      | Entered Level 5 of the Dungeon
  4022 | D:5      | Reached skill level 10 in Stealth
  4035 | D:5      | Learned a level 3 spell: Dazzling Flash
  4057 | D:5      | Reached skill level 5 in Dodging
  4269 | D:5      | Reached XP level 9. HP: 35/64 MP: 14/14
  4344 | D:5      | Found an opulent altar of Gozag.
  4889 | D:5      | Reached skill level 11 in Stealth
  5161 | D:6      | Reached skill level 5 in Axes
  5227 | D:6      | Noticed Eustachio
  5263 | D:6      | Killed Eustachio
  5460 | D:6      | Noticed a two-headed ogre
  5463 | D:6      | a two-headed ogre changed into a snapping turtle
  5717 | D:6      | Upgraded the game from 0.29-a0-96-g93358da72b to
                  | 0.29-a0-97-g88c9fad16d
  5720 | D:6      | Learned a level 2 spell: Ensorcelled Hibernation
  6059 | D:7      | Noticed Dordric's ghost (novice MiBe)
  6061 | D:7      | Found a transporter.
  6294 | D:7      | Found a staircase to the Ecumenical Temple.
  6309 | Temple   | Entered the Ecumenical Temple
  6671 | Temple   | Gained mutation: You are clumsy. (Dex -2) [potion of
                  | mutation]
  6671 | Temple   | Gained mutation: You are very clumsy. (Dex -4) [potion of
                  | mutation]
  6672 | Temple   | Lost mutation: You are very clumsy. (Dex -4) [potion of
                  | mutation]
  6672 | Temple   | Lost mutation: You are clumsy. (Dex -2) [potion of
                  | mutation]
  6672 | Temple   | Gained mutation: You are partially covered in iridescent
                  | scales. (AC +2) [potion of mutation]
  6672 | Temple   | Gained mutation: You have a pair of small horns on your
                  | head. [potion of mutation]
  6672 | Temple   | Gained mutation: You are mostly covered in iridescent
                  | scales. (AC +4) [potion of mutation]
  6821 | D:7      | Found a broken altar of Ashenzari.
  6828 | D:7      | Noticed Joseph
  6981 | D:7      | Learned a level 3 spell: Tukima's Dance
  6993 | D:7      | Killed Joseph
  6994 | D:7      | Reached skill level 12 in Stealth
  7072 | D:7      | Found a transporter.
  7073 | D:7      | Noticed a two-headed ogre
  7468 | D:8      | Noticed a two-headed ogre
  7640 | D:7      | Killed a two-headed ogre
  7641 | D:7      | Reached XP level 10. HP: 6/58 MP: 11/17
  8565 | D:8      | Identified the +0 pair of gloves of Valour {rPois Int-5
                  | Dex+6 Stlth+}
  8594 | D:8      | Reached skill level 5 in Spellcasting
  8869 | D:8      | Reached skill level 13 in Stealth
  9496 | D:8      | Reached skill level 5 in Fighting
  9798 | D:8      | Noticed a manticore
  9802 | D:8      | Noticed a moth of wrath
  9802 | D:8      | a manticore changed into a moth of wrath
  9822 | D:8      | Killed a moth of wrath
 10736 | D:8      | Reached skill level 14 in Stealth
 11504 | D:9      | Found a snail-covered altar of Cheibriados.
 11949 | D:9      | Noticed a necromancer
 11986 | D:9      | Killed a necromancer
 11987 | D:9      | Reached XP level 11. HP: 31/64 MP: 10/19
 12420 | D:9      | Noticed a two-headed ogre
 12434 | D:9      | Killed a two-headed ogre
 12613 | D:9      | Noticed a two-headed ogre
 12640 | D:9      | Mangled by a two-headed ogre

Illustrated notes

Levels and vault maps discovered:
D:1:      minmay_arrival_four_houses, layout_loops_ring,
          dreamdust_ecumenical_altar_statues, minmay_misc_feat_ornament,
          minivault_5
D:2:      layout_basic, basic_altar, uniq_jessica
D:3:      layout_loops_ring, nicolae_overflow_hidden_temple
D:4:      layout_basic, mainiacjoe_overflow_concentric_impassable,
          nicolae_uskayaw_dance_hall, uniq_crazy_yiuf_cottage, uniq_ijyb,
          uniq_blork_the_orc, uniq_pikel
D:5:      layout_basic, nicolae_gozag_seed_capital,
          amcnicky_mini_corridor_feature
D:6:      layout_basic, uniq_eustachio
D:7:      layout_rooms, mainiacjoe_overflow_boulevard,
          minmay_temple_entry_ruins, gammafunk_ghost_smash, minivault_11,
          serial_park_tiny_pond, minmay_misc_feat_square, uniq_joseph
D:8:      lemuel_castle_with_subvaults [lemuel_castle_interior_original],
          layout_basic
D:9:      layout_loops_ring, mainiacjoe_overflow_six_doors_small,
          lair_entry_dummy, eino_house_with_fridge
Temple:   eino_temple_rhombus

Skill      XL: |  1  2  3  4  5  6  7  8  9 10 |
---------------+-------------------------------+-----
Stealth        | 5 6 7 8 9 10 12 14 | 14.5
Fighting       | 1 2 3 4 5 |  5.5
Short Blades   | 2 |  2.3
Dodging        | 3 4 5 6 7 |  7.1
Hexes          | 5 6 7 8 9 |  9.8
Axes           | 1 2 3 4 6 7 |  7.6
Spellcasting   | 3 4 5 |  5.7

Action                   |  1- 3 |  4- 6 |  7- 9 | 10-12 || total
-------------------------+-------+-------+-------+-------++-------
Melee: Dagger            |    93 |       |       |       ||    93
       Bite              |    11 |     6 |    46 |    54 ||   117
       Punch             |     1 |     2 |     7 |     7 ||    17
       Short sword       |    25 |    38 |       |       ||    63
       War axe           |       |    65 |   349 |   418 ||   832
       Headbutt          |       |       |     8 |    96 ||   104
Throw: Javelin           |       |       |     3 |     2 ||     5
       Dart              |       |       |       |     2 ||     2
       Throwing net      |       |       |       |     1 ||     1
 Cast: Dazzling Flash    |       |       |     6 |     1 ||     7
       Tukima's Dance    |       |       |     2 |     2 ||     4
       Ensorcelled Hiber |       |       |     1 |     4 ||     5
 Abil: Exsanguinate      |       |       |     1 |       ||     1
Evoke: Wand              |       |     1 |    25 |     5 ||    31
  Use: Scroll            |       |     6 |     6 |       ||    12
       Potion            |       |     1 |     9 |     3 ||    13
 Stab: Sleeping          |    14 |     6 |    18 |     7 ||    45
       Distracted        |       |     1 |       |     5 ||     6
       Paralysed         |       |     3 |       |       ||     3
       Invisible         |       |       |     7 |       ||     7
Armor: Robe              |    20 |    23 |       |       ||    43
       Leather armour    |       |    21 |   176 |   152 ||   349
Dodge: Dodged            |    58 |   103 |   318 |   386 ||   865
       Repelled          |       |       |       |     2 ||     2

Table legend: (Time is in decaauts)
 A = Elapsed time spent in this place.
 B = Non-inter-level travel time spent in this place.
 C = Inter-level travel time spent in this place.
 D = Time resting spent in this place.
 E = Time spent auto-exploring this place.
 F = Levels seen in this place.
 G = Mean time per level.
                   A        B        C        D        E       F      G
               +--------+--------+--------+--------+--------+-----+--------+
         Total |  12838 |  11325 |   1513 |   3361 |   4813 |  10 | 1283.8 |
       Dungeon |  12474 |  11186 |   1288 |   3233 |   4813 |   9 | 1386.0 |
        Temple |    363 |    138 |    225 |    128 |      0 |   1 |  363.0 |
               +--------+--------+--------+--------+--------+-----+--------+

Top non-repeatable levels by time:
     D:8: 3332 daAuts
     D:4: 1829 daAuts
     D:7: 1366 daAuts
     D:6: 1363 daAuts
     D:9: 1243 daAuts
     D:5: 1132 daAuts
     D:2: 962 daAuts
     D:1: 859 daAuts
     D:3: 385 daAuts
  Temple: 363 daAuts
